 Dungeon Crawl Stone Soup version 0.26.1-2-gb8aa6d0cf2 (webtiles) character file.

Game seed: 15456671801480148109

281106 soyboy the Eclecticist (level 20, -4/95 HPs)
             Began as a Spriggan Arcane Marksman on Feb 14, 2021.
             Was a High Priest of Yredelemnul.
             Slain by a tyrant leech (9 damage)
             ... on level 3 of the Swamp on Feb 25, 2021.
             The game lasted 17:58:15 (132942 turns).

soyboy the Eclecticist (Spriggan Arcane Marksman) Turns: 132942, Time: 17:58:16

Health: -4/95      AC:  6    Str: 26    XL:     20   Next: 7%
Magic:  32/43      EV: 33    Int: 20    God:    Yredelemnul [*****.]
Gold:   2272       SH:  0    Dex: 23    Spells: 2/55 levels left

rFire    + + .     SeeInvis +   s - +9 shortbow of the Gloaming {flame, rPois Str+4 Int+4 SInv}
rCold    + . .     Faith    .   (shield currently unavailable)
rNeg     + . .     Spirit   .   J - +1 robe "Niokkar" {rF+ Str+7 Dex-3 Stlth+}
rPois    +         Reflect  .   (helmet restricted)
rElec    .         Harm     .   k - +2 cloak {rCorr}
rCorr    +         Rampage  .   (gloves unavailable)
Will     ++++.                  (boots unavailable)
Stlth    ++........             j - amulet "Ubbiero" {RegenMP rF+ rC+ rN+ Str-5 Dex+4}
HPRegen  0.25/turn              D - +6 ring of strength
MPRegen  0.53/turn              a - +6 ring of strength

@: liquefying, slowed movement, very slow
A: very small, unfitting armour, horns 1, talons 1, see invisible, speed 3,
strong-willed 1, wild magic 1
}: 1/15 runes: gossamer
a: Renounce Religion, Recall Undead Slaves, Injury Mirror, Animate Dead, Drain
Life, Enslave Soul


You were on level 3 of the Swamp.
You worshipped Yredelemnul.
Yredelemnul was extremely pleased with you.
You visited 10 branches of the dungeon, and saw 40 of its levels.
You also visited: Volcano.

You collected 5093 gold pieces.
You spent 2821 gold pieces at shops.

Inventory:

Hand Weapons
 s - the +9 shortbow of the Gloaming (weapon) {flame, rPois Str+4 Int+4 SInv}
   (You bought it in a shop on level 2 of the Orcish Mines)

   It causes projectiles fired from it to burn those they strike, causing extra
   injury to most foes and up to half again as much damage against particularly
   susceptible opponents.
   It affects your strength (+4).
   It affects your intelligence (+4).
   It protects you from poison.
   It lets you see invisible.
Missiles
 g - 776 arrows (quivered ammo)
 h - 777 stones
 l - 8 curare-tipped darts
 O - 6 datura-tipped darts
 U - 37 poisoned darts
Armour
 k - a +2 cloak of preservation (worn)
 J - the +1 robe "Niokkar" (worn) {rF+ Str+7 Dex-3 Stlth+}
   (You bought it in a shop on level 5 of the Dungeon)

   It affects your strength (+7).
   It affects your dexterity (-3).
   It protects you from fire.
   It makes you more stealthy.
Jewellery
 a - a +6 ring of strength (right hand)
 j - the amulet "Ubbiero" (around neck) {RegenMP rF+ rC+ rN+ Str-5 Dex+4}
   (You took it off a deep elf knight on level 3 of the Elven Halls)

   [amulet of magic regeneration]

   It increases your magic regeneration.
   It affects your strength (-5).
   It affects your dexterity (+4).
   It protects you from fire.
   It protects you from cold.
   It protects you from negative energy.
 D - a +6 ring of strength (left hand)
Wands
 e - a wand of enslavement (11)
 x - a wand of acid (8)
 A - a wand of disintegration (60)
 B - a wand of random effects (50)
 G - a wand of iceblast (24)
 L - a wand of paralysis (51)
 Q - a wand of digging (7)
Scrolls
 d - 5 scrolls of amnesia
 m - a scroll of brand weapon {unknown}
 q - 6 scrolls of fog
 v - 18 scrolls of teleportation
 y - 11 scrolls of magic mapping
 C - a scroll of remove curse
 E - a scroll of fear
 X - 3 scrolls of silence
Potions
 c - 4 potions of invisibility
 i - 5 potions of resistance
 o - 8 potions of brilliance
 p - 4 potions of ambrosia
 r - 18 potions of curing
 w - 8 potions of lignification
 z - 6 potions of haste
 F - 7 potions of cancellation
 M - 8 potions of heal wounds
 N - 7 potions of berserk rage
 P - 5 potions of might
 S - 5 potions of flight
 T - a potion of magic
Miscellaneous
 b - a tin of tremorstones (2/2)
 f - a condenser vane
 n - a phial of floods
 t - a lightning rod (4/4)
 u - a lightning rod (4/4)
 Y - a phantom mirror
 Z - a box of beasts


   Skills:
 - Level 6.3 Fighting
 - Level 2.6 Short Blades
 - Level 11.1(11.5) Slings
 + Level 15.9 Bows
 - Level 4.0(7.2) Throwing
 - Level 14.8 Dodging
 - Level 4.2 Stealth
 - Level 18.0 Spellcasting
 * Level 10.6 Conjurations
 - Level 13.4 Hexes
 * Level 7.5 Summonings
 - Level 8.0 Translocations
 - Level 13.4 Transmutations
 + Level 3.4 Fire Magic
 - Level 5.3 Ice Magic
 - Level 1.4 Air Magic
 - Level 5.9 Earth Magic
 - Level 5.8 Poison Magic
 + Level 5.2 Invocations
 - Level 6.4 Evocations


You had 2 spell levels left.
You knew the following spells:

 Your Spells              Type           Power        Failure   Level
a - Fireball              Conj/Fire      28%          8%          5
b - Slow                  Hex            76%          1%          2
c - Inner Flame           Hex/Fire       61%          1%          3
d - Cause Fear            Hex            38%          1%          4
e - Portal Projectile     Hex/Tloc       100%         1%          3
f - Leda's Liquefaction   Hex/Erth       32%          1%          4
g - Sandblast             Erth           100%         1%          1
h - Passwall              Tmut/Erth      54%          1%          2
i - Foxfire               Conj/Fire      100%         1%          1
j - Blink                 Tloc           N/A          1%          2
k - Call Imp              Summ           58%          1%          2
l - Poisonous Vapours     Pois/Air       84%          2%          2
m - Ignite Poison         Fire/Tmut/Pois 58%          1%          3
n - Tukima's Dance        Hex            76%          1%          3
o - Ensorcelled Hibernat  Hex/Ice        100%         1%          2
p - Dazzling Flash        Conj/Hex       100%         1%          3
q - Swiftness             Air            30%          4%          2
r - Metabolic Englaciati  Hex/Ice        32%          3%          5
s - Petrify               Tmut/Erth      65%          1%          4

Your spell library contained the following spells:

 Spells                   Type           Power        Failure   Level
 Corona                   Hex            84%          1%          1
 Freeze                   Ice            100%         1%          1
 Magic Dart               Conj           100%         1%          1
 Shock                    Conj/Air       100%         1%          1
 Sting                    Tmut/Pois      100%         1%          1
 Animate Skeleton         Necr           46%          5%          1
 Pain                     Necr           92%          5%          1
 Corpse Rot               Necr/Air       N/A          6%          2
 Sublimation of Blood     Necr           11%          8%          2
 Confusing Touch          Hex            76%          1%          3
 Conjure Flame            Conj/Fire      56%          1%          3
 Mephitic Cloud           Conj/Pois/Air  53%          1%          3
 Static Discharge         Conj/Air       53%          1%          3
 Stone Arrow              Conj/Erth      100%         1%          3
 Ice Form                 Ice/Tmut       64%          1%          4
 Frozen Ramparts          Ice            100%         2%          3
 Ozocubu's Armour         Ice            50%          2%          3
 Hailstorm                Conj/Ice       60%          2%          4
 Iskenderun's Battlesphe  Conj           68%          2%          5
 Sticky Flame             Conj/Fire      56%          3%          4
 Olgreb's Toxic Radiance  Pois           52%          4%          4
 Summon Ice Beast         Ice/Summ       54%          4%          4
 Bolt of Magma            Conj/Fire/Erth 27%          9%          5
 Lightning Bolt           Conj/Air       26%          11%         5
 Lee's Rapid Deconstruct  Erth           26%          12%         5
 Vampiric Draining        Necr           11%          13%         3
 Iron Shot                Conj/Erth      30%          22%         6
 Airstrike                Air            15%          24%         4
 Borgnjor's Vile Clutch   Necr/Erth      19%          34%         5
 Animate Dead             Necr           11%          38%         4
 Dispel Undead            Necr           23%          38%         4
 Orb of Destruction       Conj           34%          41%         7
 Freezing Cloud           Conj/Ice/Air   26%          50%         6
 Ozocubu's Refrigeration  Ice            25%          56%         6
 Spellforged Servitor     Conj/Summ      31%          61%         7
 Agony                    Necr           23%          71%         5
 Excruciating Wounds      Necr           11%          71%         5
 Malign Gateway           Summ/Tloc      29%          78%         7
 Monstrous Menagerie      Summ           29%          82%         7
 Summon Greater Demon     Summ           29%          82%         7
 Simulacrum               Ice/Necr       18%          89%         6
 Death Channel            Necr           11%          99%         6
 Chain Lightning          Conj/Air       26%          100%        8
 Lehudib's Crystal Spear  Conj/Erth      30%          100%        8
 Summon Horrible Things   Summ           29%          100%        8
 Absolute Zero            Ice            25%          100%        9
 Fire Storm               Conj/Fire      28%          100%        9


Dungeon Overview and Level Annotations

Branches:
Dungeon (15/15)            Temple (1/1) D:5            Lair (6/6) D:10
  Swamp (4/4) Lair:3       Spider (4/4) Lair:4        Slime (1/5) Lair:5
    Orc (2/2) D:12            Elf (3/3) Orc:2        Vaults (3/5) D:14
 Depths (1/5) D:15        Volcano (visited)
  Crypt: Vaults:2-3

Altars:
Ashenzari
Cheibriados
Dithmenos
Elyvilon
Fedhas
Gozag
Hepliaklqana
Kikubaaqudgha
Makhleb
Nemelex Xobeh
Okawaru
Qazlal
Ru
Sif Muna
Trog
Uskayaw
Vehumet
Wu Jian
Xom
Yredelemnul
Zin
The Shining One
Beogh
Jiyva

Shops:
D:5 [   D:6 =   D:8 [   Orc:1 *   Orc:2 =([!   Elf:3 [   Vaults:1 (
Vaults:2 *

Annotations:
D:8 1 runed translucent door
D:13 exclusion: downstairs
Lair:3 2 transporters, exclusion: 3 oklob plants, Isyogyepp's ghost, journeyman MiBe
Swamp:1 exclusion: downstairs
Swamp:2 1 runed translucent door, xfalz's ghost, journeyman GnSk
Vaults:1 tamionv's ghost, adept GrFi


Innate Abilities, Weirdness & Mutations

You are very small and have problems with some larger weapons.
You are too small for most types of armour.
You have supernaturally acute eyesight. (SInv)
You cover ground extremely quickly.
You have a pair of small horns on your head.
You have sharp toenails.
You are strong-willed. (Will+)
Your spells are a little harder to cast, but a little more powerful.


Message History

You shoot an arrow.
The arrow closely misses the tyrant leech.
The arrow hits the spriggan druid!
The arrow burns the spriggan druid.
The spriggan druid is severely wounded.
You hear a splash.
The spriggan druid casts a spell.
The forest starts to sway and rumble!
The tyrant leech completely misses you.
Casting: Blink (safe; 1% risk of failure)
Confirm with . or Enter, or press ? or * to list all spells.
A beastly little devil appears in a puff of frigid air.
You feel roots moving beneath the ground.
You are hit by a branch!
* * * LOW HITPOINT WARNING * * *
Unknown command.
You feel much better. A tree reaches out and hits you!
* * * LOW HITPOINT WARNING * * *
A tree reaches out but misses your swamp worm zombie.
The tyrant leech bites you!
You die...
Your body rises from the dead as a mindless zombie.

♣♣♣♣≈.≈≈>♣♣ ♣♣.≈≈≈≈≈≈≈.≈≈.♣
♣♣≈ ♣♣♣♣.§≈≈≈.♣
#≈♣♣≈≈≈≈≈≈.≈≈.♣ ♣♣
..§≈≈§.≈≈.♣♣♣♣≈≈♣.≈≈≈≈....♣
♣
≈§≈≈≈≈≈§≈..≈♣♣≈♣♣.≈≈≈...≈.♣
≈≈≈≈§≈§≈≈≈≈♣≈≈≈≈♣.≈≈(≈.≈≈♣♣
≈≈≈≈≈≈≈≈≈≈≈♣≈≈≈≈♣≈≈i≈≈.≈.♣
≈.≈≈Z≈≈Z≈≈≈♣♣♣≈♣≈≈≈≈≈≈♣♣≈♣
≈VVZZZZZ≈≈..≈♣♣♣≈w≈≈..♣♣♣♣
≈§.♣♣♣♣♣≈≈≈≈≈.≈≈@....≈≈≈.♣
♣♣♣♣ ♣≈.≈≈≈Z≈≈≈.5..≈≈≈.♣♣
♣♣.≈.....≈...Z..≈≈≈≈♣
♣♣♣...♣♣♣♣♣♣♣♣..≈≈≈≈≈≈♣
♣≈.≈≈§≈♣ ♣♣♣♣♣Z≈≈§≈≈.♣♣ ♣
♣.≈≈≈.♣♣♣♣..♣♣Z.....♣♣ ♣
♣♣≈≈≈≈≈≈Z♣..≈≈≈≈....≈♣♣ ♣
♣≈≈≈≈≈≈≈Z>.≈.♣♣♣≈≈≈..≈♣
♣♣♣♣.≈≈≈≈≈≈ZZ♣♣♣♣♣.≈§≈≈..♣


You could see a tyrant leech, a spriggan druid, a friendly white imp (summoned),
a friendly alligator zombie, a friendly spriggan zombie (struggling) and 2
friendly swamp worm zombies.

Vanquished Creatures
  Bai Suzhen (Spider:4)
  Jorgrun (Swamp:1)
  A deep elf master archer (Elf:3)
  Kirke (Swamp:2)
  2 thorn hunters
  Donald (Spider:4)
  A storm dragon (Vaults:2)
  An azure jelly (Swamp:4)
  4 deep elf sorcerers
  An orc warlord (Vaults:1)
  An emperor scorpion (Spider:4)
  A ghoul (Swamp:1)
  A deep elf elementalist (Elf:3)
  Louise (Swamp:2)
  4 ironheart preservers (Vaults:2)
  2 very ugly things (Vaults:1)
  3 stone giants
  3 vampire knights
  Nessos (D:14)
  4 deep elf demonologists (Elf:3)
  A bunyip (Swamp:1)
  2 entropy weavers
  2 dire elephants (Lair:5)
  Snorg (Lair:5)
  3 spark wasps
  A deep elf death mage (Vaults:2)
  A fire dragon (Vaults:2)
  8 ogre magi
  2 deep elf high priests (Elf:3)
  Fannar (Lair:1)
  An ice dragon (Swamp:4)
  A great orb of eyes (Vaults:1)
  6 yaktaur captains
  2 boulder beetles
  A vault guard (Vaults:1)
  A merfolk avatar (Lair:6)
  3 centaur warriors
  2 catoblepae
  3 hydras
  11 death yaks
  A death knight (D:14)
  14 two-headed ogres
  14 dancing weapons
  2 alligators
  2 deep troll earth magi (Vaults:2)
  3 orc high priests
  15 deep elf knights
  6 skeletal warriors
  A shadow wraith (Vaults:1)
  5 goliath frogs
  A swamp dragon (Swamp:3)
  2 spriggan druids (Swamp:2)
  An unseen horror (D:15)
  A deep troll (Vaults:2)
  4 wizards (Vaults:2)
  A deep troll (shapeshifter) (Vaults:2)
  4 ironbrand convokers
  5 bog bodies
  10 deep elf archers
  37 deep elf magi
  9 wolf spiders
  6 orc knights
  2 manticores
  9 orb spiders
  A harpy (Vaults:2)
  6 cyclopes
  3 orc sorcerers
  2 will-o-the-wisps
  5 black mambas
  Maurice (D:13)
  14 elephants
  4 vault sentinels
  19 cane toads
  The ghost of IHuginn the Shield-Bearer, a novice FoFi of Zin (D:7)
  Maggie (D:10)
  2 torpor snails (Lair:2)
  4 gargoyles
  4 rime drakes
  5 centaur skeletons
  13 yaktaurs
  9 komodo dragons
  3 freezing wraiths
  An efreet (Volcano)
  5 demonic crawlers
  4 trolls
  3 tengu conjurers (D:15)
  15 jumping spiders
  A wind drake (shapeshifter) (Vaults:2)
  2 polar bears
  8 tyrant leeches
  Grinder (D:5)
  9 hornets
  A blink frog (shapeshifter) (D:15)
  9 slime creatures (D:15)
  11 blink frogs
  A harpy skeleton (D:15)
  2 fire giant simulacra
  4 flying skulls
  29 redbacks
  5 spriggans
  A vampire (D:15)
  6 wraiths
  8 tarantellas
  8 wyverns
  4 fire bats (Volcano)
  An air elemental (Elf:2)
  56 yaks
  6 water elementals
  Eustachio (D:6)
  A basilisk (shapeshifter) (Vaults:2)
  2 fire elementals
  4 hogs (Swamp:2)
  A steam dragon (Lair:5)
  8 basilisks
  14 humans
  5 swamp worm simulacra (Swamp:4)
  11 vampire mosquitoes
  Edmund (D:5)
  12 swamp worms
  4 soldier ants (D:8)
  An acid dragon (Vaults:2)
  3 wargs
  The ghost of antidepressant22 the Digger, an amateur GrEE (D:3)
  12 water moccasins
  4 hydra simulacra (Swamp:4)
  A swamp drake (Swamp:3)
  A floating eye (shapeshifter) (Vaults:2)
  24 orc warriors
  4 sky beasts
  An ice dragon simulacrum (Vaults:1)
  32 ogres
  6 ice beasts
  A black bear (D:8)
  A phantom (D:6)
  16 wolves
  14 centaurs
  2 big kobolds
  2 earth elementals (Elf:2)
  16 bullfrogs
  A wyvern skeleton (D:14)
  9 scorpions
  14 killer bees
  12 wights
  11 howler monkeys
  6 electric eels
  3 centaur zombies
  A quasit (D:10)
  A wyvern simulacrum (D:14)
  3 bullfrog zombies
  8 lava snakes (Volcano)
  5 hounds
  4 jellies
  20 orc priests
  2 bullfrog skeletons
  21 orc wizards
  4 iguanas
  A harpy zombie (Lair:6)
  12 worker ants
  A death yak zombie (Lair:4)
  A stone giant zombie (Vaults:1)
  A redback zombie (Spider:3)
  A hound skeleton (D:11)
  A mummy (D:11)
  3 howler monkey zombies
  A worker ant zombie (D:9)
  20 adders
  10 gnolls
  A two-headed ogre skeleton (D:15)
  4 shadow imps
  A white imp (D:9)
  A hornet zombie (Swamp:3)
  An ooze (D:3)
  3 swamp drake simulacra (Swamp:4)
  2 water moccasin zombies
  3 cane toad zombies
  2 human zombies
  A komodo dragon zombie (Lair:3)
  A manticore zombie (D:13)
  6 ogre zombies
  2 orc zombies (Vaults:1)
  2 two-headed ogre zombies
  3 adder skeletons
  An adder zombie (D:5)
  A manticore skeleton (D:15)
  A warg skeleton (Orc:2)
  2 worms
  A dart slug (D:1)
  3 leopard geckos
  75 orcs
  A basilisk zombie (Lair:3)
  7 giant cockroaches
  4 goblins
  5 hobgoblins
  16 jackals
  13 kobolds
  A polar bear zombie (Lair:3)
  9 quokkas
  A yaktaur zombie (Vaults:1)
  5 bats
  10 frilled lizards
  A jackal skeleton (D:4)
  2 kobold zombies (D:13)
  A leopard gecko zombie (D:5)
  A quokka zombie (D:7)
  5 rats
  3 wolf zombies (Lair:3)
  6 yak zombies
1132 creatures vanquished.

Vanquished Creatures (collateral kills)
  A bone dragon (Vaults:1)
  Rupert (D:14)
  A deep elf blademaster (Elf:3)
  Asterion (Elf:3)
  A deep elf master archer (Elf:3)
  Frances (Elf:1)
  3 ghost moths (Spider:4)
  3 vault wardens
  A deep elf sorcerer (Elf:3)
  2 orc warlords (Vaults:1)
  3 emperor scorpions (Spider:4)
  4 deep elf elementalists (Elf:3)
  4 ironheart preservers
  4 deep elf demonologists (Elf:3)
  3 deep elf annihilators (Elf:3)
  4 entropy weavers
  A spark wasp (Spider:4)
  4 deep elf death magi
  An ettin (Vaults:1)
  5 deep elf high priests (Elf:3)
  A shambling mangrove (Swamp:2)
  An ice dragon (Vaults:2)
  5 boulder beetles
  2 catoblepae (D:14)
  A centaur warrior (Elf:1)
  An anaconda (shapeshifter) (Elf:2)
  4 hydras
  3 ogre magi
  14 dancing weapons
  23 two-headed ogres
  An alligator (Swamp:3)
  2 orc high priests (Vaults:1)
  3 skeletal warriors (D:15)
  17 deep elf knights
  3 sea snakes (Lair:6)
  2 goliath frogs
  2 swamp dragons
  A deep troll (Vaults:1)
  8 orc knights
  A flayed ghost (Vaults:1)
  A lindwurm (Lair:5)
  5 deep elf archers
  A wolf spider zombie (D:15)
  12 orb spiders
  3 ironbrand convokers (Vaults:1)
  2 harpies
  A manticore (shapeshifter) (Elf:1)
  2 orc sorcerers
  42 deep elf magi
  23 wolf spiders
  A manticore (D:13)
  A cyclops (Vaults:1)
  7 slime creatures
  3 ugly things
  An elephant (Lair:6)
  A moth of wrath (Spider:4)
  2 centaur zombies
  A black mamba (Lair:5)
  3 vault sentinels
  3 cane toads
  A centaur skeleton (D:14)
  2 torpor snails
  A rime drake (Lair:6)
  A kobold demonologist (D:15)
  15 demonic crawlers
  A yaktaur (Vaults:1)
  3 freezing wraiths
  3 komodo dragons
  3 polar bears
  21 jumping spiders
  8 hornets
  48 redbacks
  4 air elementals
  2 water elementals
  A flying skull (Lair:5)
  2 yaks
  2 humans (D:14)
  A fire bat (Volcano)
  17 tarantellas
  5 fire elementals (Elf:1)
  A hog (Swamp:2)
  2 wyverns (Lair:5)
  2 vampire mosquitoes
  2 wargs
  4 swamp worms
  6 water moccasins
  A hydra simulacrum (Swamp:4)
  4 orc warriors
  A sky beast (D:11)
  20 ogres
  An eye of draining (D:11)
  2 wolves (Lair:6)
  A big kobold (D:13)
  2 bullfrogs
  An earth elemental (Elf:3)
  A quasit (D:13)
  A hound (D:13)
  A bullfrog skeleton (D:11)
  4 orc priests
  2 orc wizards
  A worker ant (D:14)
  A redback zombie (Spider:3)
  14 orcs
  3 kobolds (D:13)
  A bush (Lair:4)
478 creatures vanquished.

Vanquished Creatures (others)
  A bone dragon (Spider:4)
  A deep elf sorcerer (Elf:3)
  2 ghouls
  4 vampire knights
  6 skeletal warriors
  3 flayed ghosts
  A deep elf archer (Elf:3)
  A deep elf mage (Elf:1)
  9 phantasmal warriors
  10 dancing weapons
  A bloated husk (Swamp:3)
  A hornet (Swamp:2)
  6 flying skulls
  7 vampires
  2 wraiths
  A very ugly thing zombie (Vaults:1)
  A ghost moth zombie (Spider:4)
  An entropy weaver zombie (Vaults:1)
  A wight (Lair:5)
  A spark wasp zombie (Spider:3)
  A hound (D:10)
  A goliath frog skeleton (Swamp:2)
  2 ugly thing zombies (Vaults:1)
  A black mamba zombie (Lair:5)
  An ice dragon skeleton (Swamp:4)
  An alligator skeleton (Swamp:2)
  12 jumping spider zombies
  26 redback zombies
  5 centaur zombies
  A ghoul skeleton (Spider:3)
  3 hornet zombies
  A mummy (D:11)
  6 tarantella zombies
  12 wolf spider zombies
  A centaur skeleton (Vaults:1)
  8 demonic crawler zombies
  A moth of wrath zombie (Spider:4)
  A boulder beetle zombie (Vaults:1)
  A spriggan zombie (Swamp:2)
  2 death yak zombies
  5 elf skeletons
  An ettin zombie (Vaults:1)
  A merfolk zombie (Lair:6)
  3 bog body skeletons
  A fire dragon zombie (Vaults:2)
  A harpy zombie (Vaults:2)
  A death yak skeleton (Lair:2)
  A tyrant leech zombie (Swamp:1)
  4 vampire mosquito zombies
  2 torpor snail zombies
  3 wolf zombies
  2 blink frog zombies
  2 swamp dragon zombies
  2 deep troll zombies
  6 elephant zombies
  35 elf zombies
  3 komodo dragon zombies
  7 two-headed ogre zombies
  5 wyvern zombies
  3 yaktaur zombies
  6 cane toad zombies
  2 hog zombies (Swamp:2)
  A manticore zombie (Lair:5)
  8 orb spider zombies
  A rime drake zombie (Lair:5)
  5 cyclops zombies
  10 human zombies
  2 polar bear zombies (Lair:6)
  A scorpion zombie (Lair:2)
  A basilisk skeleton (Lair:2)
  3 basilisk zombies
  6 bullfrog zombies
  An iguana zombie (D:12)
  2 ogre skeletons (D:15)
  18 ogre zombies
  An orc skeleton (Vaults:2)
  24 orc zombies
  5 water moccasin zombies
  A worker ant zombie (D:14)
  2 yak zombies
  30 foxfires
  62 fungi
  106 plants
  4 toadstools (Swamp:1)
537 creatures vanquished.

Grand Total: 2147 creatures vanquished

Notes
Turn   | Place    | Note
-------+----------+-------------------------------------------
     0 | D:1      | soyboy the Spriggan Arcane Marksman began the quest for the
                  | Orb.
     0 | D:1      | Reached XP level 1. HP: 9/9 MP: 3/3
   493 | D:1      | Reached XP level 2. HP: 14/14 MP: 3/5
  1082 | D:1      | Reached skill level 2 in Spellcasting
  1257 | D:1      | Reached XP level 3. HP: 17/17 MP: 4/7
  1573 | D:1      | Reached skill level 1 in Fighting
  1874 | D:2      | Found a snail-covered altar of Cheibriados.
  2515 | D:2      | Found a glowing golden altar of the Shining One.
  2821 | D:3      | Reached skill level 1 in Stealth
  2836 | D:3      | Reached XP level 4. HP: 10/22 MP: 6/8
  3246 | D:3      | Learned a level 2 spell: Slow
  3319 | D:3      | Found a white marble altar of Elyvilon.
  3507 | D:3      | Found a runed translucent door.
  3507 | D:3      | Noticed antidepressant22's ghost (amateur GrEE)
  3906 | D:5      | Entered Level 5 of the Dungeon
  4064 | D:3      | Reached skill level 3 in Spellcasting
  4064 | D:3      | Reached XP level 5. HP: 22/25 MP: 8/10
  4283 | D:3      | Found an ancient bone altar of Kikubaaqudgha.
  4748 | D:3      | Killed antidepressant22's ghost
  4749 | D:3      | Reached skill level 5 in Slings
  4749 | D:3      | Reached XP level 6. HP: 23/30 MP: 3/12
  5200 | D:3      | Reached skill level 5 in Hexes
  5308 | D:4      | Found an iron altar of Okawaru.
  5348 | D:5      | Noticed Edmund
  5609 | D:4      | Found a radiant altar of Vehumet.
  5819 | D:4      | Found a sparkling altar of Nemelex Xobeh.
  6020 | D:4      | Reached skill level 4 in Spellcasting
  6630 | D:5      | Reached XP level 7. HP: 25/35 MP: 14/14
  7960 | D:5      | Reached skill level 1 in Bows
  8141 | D:5      | Noticed Grinder
  8547 | D:5      | Reached skill level 5 in Spellcasting
  8645 | D:5      | Found a staircase to the Ecumenical Temple.
  8723 | D:5      | Killed Grinder
  8724 | D:5      | Reached XP level 8. HP: 39/39 MP: 11/17
  8834 | Temple   | Entered the Ecumenical Temple
  8934 | Temple   | Became a worshipper of Yredelemnul the Dark
  9100 | D:5      | Killed Edmund
  9524 | D:5      | Found a shadowy altar of Dithmenos.
  9639 | D:5      | Found Peysyi's Antique Armour Boutique.
  9642 | D:5      | Bought a bloodstained robe for 193 gold pieces
  9652 | D:5      | Identified the +1 robe "Niokkar" {rF+ Str+7 Dex-3 Stlth+}
                  | (You bought it in a shop on level 5 of the Dungeon)
  9775 | D:5      | Found a bloodstained altar of Trog.
  9940 | D:6      | Reached skill level 5 in Bows
 10490 | D:6      | Found a shimmering altar of Xom.
 10555 | D:6      | Reached skill level 1 in Short Blades
 10555 | D:6      | Reached skill level 6 in Spellcasting
 10829 | D:6      | Found an ornate altar of the Wu Jian Council.
 11123 | D:6      | Found Amujetep's Jewellery Shoppe.
 11551 | D:6      | Noticed Eustachio
 11572 | D:6      | Killed Eustachio
 11648 | D:6      | Reached XP level 9. HP: 44/44 MP: 19/19
 12431 | D:6      | Gained mutation: You are strong-willed. (Will+) [potion of
                  | mutation]
 12431 | D:6      | Gained mutation: You have a pair of small horns on your
                  | head. [potion of mutation]
 12431 | D:6      | Gained mutation: Your spells are a little harder to cast,
                  | but a little more powerful. [potion of mutation]
 12431 | D:6      | Gained mutation: You have sharp toenails. [potion of
                  | mutation]
 12832 | D:7      | Reached skill level 7 in Spellcasting
 12934 | D:7      | Reached skill level 1 in Throwing
 13602 | D:7      | Reached * piety under Yredelemnul
 13693 | D:7      | Learned a level 3 spell: Inner Flame
 13698 | D:7      | Learned a level 4 spell: Cause Fear
 13702 | D:7      | Learned a level 3 spell: Portal Projectile
 15150 | D:8      | Found a runed translucent gate.
 15152 | D:8      | Found a runed translucent gate.
 15152 | D:8      | Found a runed translucent gate.
 15181 | D:8      | Found a runed translucent door.
 15188 | D:8      | Found the +9 staff of Olgreb {rPois∞}
 15191 | D:8      | Found a runed translucent door.
 16036 | D:8      | Reached skill level 8 in Spellcasting
 16356 | D:8      | Found a runed translucent door.
 16416 | D:8      | Noticed IHuginn's ghost (novice FoFi)
 16577 | D:8      | Identified the +3 trident of Valour {freeze, Fragile +Rage
                  | +Inv}
 17090 | D:8      | Reached XP level 10. HP: 49/49 MP: 23/23
 17522 | D:8      | Found a snail-covered altar of Cheibriados.
 17522 | D:8      | Found Cheibriados's Comfort Zone.
 18413 | D:10     | Entered Level 10 of the Dungeon
 19843 | D:9      | Found a broken altar of Ashenzari.
 19965 | D:9      | Reached skill level 9 in Spellcasting
 21634 | D:10     | Reached ** piety under Yredelemnul
 21635 | D:10     | Reached skill level 1 in Translocations
 21943 | D:10     | Noticed Maggie
 21949 | D:10     | Noticed a catoblepas
 22041 | D:10     | Killed Maggie
 22042 | D:10     | Reached skill level 10 in Bows
 22042 | D:10     | Reached skill level 10 in Spellcasting
 22205 | D:10     | Your ally Maggie died
 22212 | D:10     | Reached skill level 10 in Hexes
 22466 | D:10     | Got a smoking platinum ring
 22801 | D:8      | Reached XP level 11. HP: 54/54 MP: 3/26
 24275 | D:7      | Killed IHuginn's ghost
 24662 | D:7      | Reached skill level 5 in Fighting
 24866 | D:7      | Learned a level 4 spell: Leda's Liquefaction
 25086 | D:8      | Learned a level 1 spell: Sandblast
 25089 | D:8      | Learned a level 2 spell: Passwall
 25523 | D:10     | Reached skill level 11 in Spellcasting
 26039 | D:10     | Reached *** piety under Yredelemnul
 26845 | D:10     | Found a staircase to the Lair.
 27664 | D:10     | Killed a catoblepas
 28129 | Lair:1   | Entered Level 1 of the Lair of Beasts
 28912 | D:11     | Got a brightly glowing quarterstaff
 29793 | D:11     | Reached **** piety under Yredelemnul
 29793 | D:11     | Received a gift from Yredelemnul (a mummy)
 30272 | D:11     | Received a gift from Yredelemnul (a mummy)
 31641 | D:12     | Received a gift from Yredelemnul (a wraith)
 31833 | D:12     | Noticed a skeletal warrior
 31838 | D:12     | Noticed a skeletal warrior
 31846 | D:12     | Noticed a two-headed ogre
 31848 | D:12     | Noticed a two-headed ogre
 31851 | D:12     | Noticed a deep elf mage
 31884 | D:11     | Killed a two-headed ogre
 31885 | D:11     | Reached skill level 12 in Spellcasting
 31885 | D:11     | Reached skill level 1 in Fire Magic
 32060 | D:11     | Killed a deep elf mage
 32246 | D:12     | Noticed a skeletal warrior
 32770 | D:12     | Noticed a skeletal warrior
 33082 | D:12     | Noticed a two-headed ogre
 33370 | D:12     | Reached skill level 10 in Slings
 34143 | D:12     | Noticed an ogre mage
 34305 | D:12     | Noticed a two-headed ogre
 34374 | D:12     | Noticed a boulder beetle
 35243 | Lair:1   | Reached XP level 12. HP: 60/60 MP: 15/29
 35530 | Lair:1   | Noticed Fannar
 35659 | Lair:1   | Killed Fannar
 35841 | Lair:1   | Your ally Fannar died
 36540 | Lair:1   | Learned a level 1 spell: Foxfire
 37233 | Lair:1   | Identified the ring of Oplas {+Inv rN+ SInv} (You found it
                  | on level 10 of the Dungeon)
 37279 | Lair:2   | Noticed a death yak
 37344 | Lair:2   | Noticed a death yak
 37344 | Lair:2   | Noticed an eight-headed hydra
 37735 | Lair:2   | Killed an eight-headed hydra
 37870 | Lair:2   | Noticed a death yak
 37870 | Lair:2   | Noticed a death yak
 37872 | Lair:2   | Noticed a death yak
 37874 | Lair:2   | Noticed a death yak
 38294 | Lair:2   | Killed a death yak
 38748 | Lair:2   | Noticed a four-headed hydra
 38801 | Lair:1   | Received a gift from Yredelemnul (4 flying skulls)
 38946 | Lair:2   | Killed a death yak
 38947 | Lair:2   | Reached skill level 13 in Spellcasting
 38948 | Lair:2   | Killed a death yak
 39031 | Lair:2   | Killed a death yak
 39032 | Lair:2   | Reached skill level 1 in Evocations
 39289 | Lair:1   | Killed a death yak
 39585 | Lair:2   | Killed a death yak
 39779 | Lair:2   | Killed a four-headed hydra
 40102 | Lair:2   | Found a snail-covered altar of Cheibriados.
 40937 | Lair:3   | Noticed Isyogyepp's ghost (journeyman MiBe)
 40938 | Lair:3   | Found a transporter.
 40940 | Lair:3   | Found a transporter.
 41137 | Lair:3   | Received a gift from Yredelemnul (a wight)
 41792 | Lair:3   | Reached XP level 13. HP: 64/64 MP: 12/31
 41965 | Lair:3   | Reached skill level 14 in Spellcasting
 42237 | Lair:3   | Reached skill level 1 in Invocations
 43563 | Lair:3   | Found a staircase to the Swamp.
 43626 | Swamp:1  | Entered Level 1 of the Swamp
 45679 | Lair:4   | Received a gift from Yredelemnul (a wraith)
 45892 | Lair:4   | Found a hole to the Spider Nest.
 45958 | Lair:4   | Reached skill level 15 in Spellcasting
 46159 | Spider:1 | Entered Level 1 of the Spider Nest
 46609 | Lair:4   | Learned a level 2 spell: Blink
 46612 | Lair:4   | Learned a level 2 spell: Call Imp
 48640 | Lair:6   | Entered Level 6 of the Lair of Beasts
 48643 | Lair:5   | Found a staircase to the Slime Pits.
 48654 | Lair:5   | Found a viscous altar of Jiyva.
 48986 | Slime:1  | Entered Level 1 of the Pits of Slime
 50378 | Lair:5   | Reached ***** piety under Yredelemnul
 51595 | Lair:5   | Received a gift from Yredelemnul (3 flying skulls)
 51788 | Lair:5   | Reached skill level 1 in Earth Magic
 52291 | Lair:5   | Received a gift from Yredelemnul (a wight)
 52950 | Lair:5   | Reached XP level 14. HP: 53/69 MP: 34/34
 53977 | Lair:5   | Reached skill level 1 in Summonings
 54197 | Lair:6   | Noticed Snorg
 54253 | Lair:5   | Killed Snorg
 54253 | Lair:5   | Received a gift from Yredelemnul (4 flying skulls)
 54492 | Lair:6   | Reached skill level 16 in Spellcasting
 55366 | Lair:5   | Received a gift from Yredelemnul (a vampire)
 55366 | Lair:5   | Received a gift from Yredelemnul (a vampire)
 55868 | Lair:5   | Got a steaming iron ring
 56395 | Lair:5   | Learned a level 2 spell: Poisonous Vapours
 56399 | Lair:5   | Learned a level 3 spell: Ignite Poison
 58324 | Lair:6   | Reached skill level 1 in Air Magic
 58544 | Lair:6   | Received a gift from Yredelemnul (a phantasmal warrior)
 58842 | Lair:6   | Reached skill level 17 in Spellcasting
 59477 | Lair:6   | Identified the ring of Wackes {rPois rF+ rC+ Dex+4 Stlth-}
                  | (You found it on level 5 of the Lair of Beasts)
 62154 | D:12     | Found a staircase to the Orcish Mines.
 62160 | Orc:1    | Entered Level 1 of the Orcish Mines
 62515 | Orc:2    | Entered Level 2 of the Orcish Mines
 62515 | Orc:2    | Found a roughly hewn altar of Beogh.
 62521 | Orc:1    | Found a roughly hewn altar of Beogh.
 62752 | Orc:1    | Received a gift from Yredelemnul (a vampire knight)
 62891 | Orc:1    | Found a dark tunnel.
 62900 | Volcano  | Entered a volcano
 63550 | Volcano  | Reached skill level 1 in Poison Magic
 63800 | Volcano  | Noticed a stone giant
 64217 | Volcano  | Killed a stone giant
 64417 | Volcano  | Received a gift from Yredelemnul (a flayed ghost)
 64587 | Volcano  | Found a radiant altar of Vehumet.
 65038 | Orc:1    | Killed a vampire knight
 65549 | Orc:1    | Reached XP level 15. HP: 70/73 MP: 12/37
 65920 | Orc:1    | Reached skill level 5 in Dodging
 66155 | Orc:1    | Learned a level 3 spell: Tukima's Dance
 66158 | Orc:1    | Learned a level 2 spell: Ensorcelled Hibernation
 66162 | Orc:1    | Learned a level 3 spell: Dazzling Flash
 66651 | Orc:2    | Received a gift from Yredelemnul (a skeletal warrior)
 67919 | Orc:2    | Reached skill level 1 in Transmutations
 67930 | Orc:2    | Reached skill level 5 in Translocations
 67957 | Orc:2    | Received a gift from Yredelemnul (a vampire)
 68231 | Orc:2    | Found a staircase to the Elven Halls.
 68563 | Orc:2    | Found Qootifar's Antique Weapon Shoppe.
 68565 | Orc:2    | Found Vaofio's Distillery.
 68565 | Orc:2    | Found Ixistrox's Armour Shoppe.
 68565 | Orc:2    | Found Abbanlea's Jewellery Shop.
 68664 | Orc:2    | Bought a glimmering shortbow for 312 gold pieces
 68664 | Orc:2    | Identified the +9 shortbow of the Gloaming {flame, rPois
                  | Str+4 Int+4 SInv} (You bought it in a shop on level 2 of
                  | the Orcish Mines)
 69168 | Orc:1    | Found Voisocluah's Assorted Antiques.
 69445 | Orc:1    | Bought a potion of haste for 290 gold pieces
 69445 | Orc:1    | Bought a potion of curing for 87 gold pieces
 69445 | Orc:1    | Bought a potion of heal wounds for 145 gold pieces
 69610 | Elf:1    | Entered Level 1 of the Elven Halls
 69653 | Orc:2    | Bought a potion of curing for 42 gold pieces
 69653 | Orc:2    | Bought a potion of curing for 42 gold pieces
 69653 | Orc:2    | Bought a potion of curing for 42 gold pieces
 69653 | Orc:2    | Bought a potion of attraction for 42 gold pieces
 69653 | Orc:2    | Bought a potion of cancellation for 112 gold pieces
 69653 | Orc:2    | Bought a potion of heal wounds for 70 gold pieces
 69653 | Orc:2    | Bought a potion of flight for 42 gold pieces
 70775 | D:13     | Received a gift from Yredelemnul (a skeletal warrior)
 70968 | D:14     | Found a gate to the Vaults.
 70968 | D:14     | Noticed Rupert
 70968 | D:14     | Noticed Nessos
 71280 | D:13     | Noticed Maurice
 71284 | D:13     | Killed Maurice
 71513 | D:13     | Received a gift from Yredelemnul (a phantasmal warrior)
 72688 | D:14     | You fall into a shaft and drop 1 floor!
 72688 | D:15     | Entered Level 15 of the Dungeon
 73708 | D:14     | Killed Nessos
 73845 | D:14     | Identified a scroll of acquirement
 73975 | D:14     | Killed Rupert
 74632 | D:14     | Your ally Nessos died
 75429 | D:14     | Reached skill level 5 in Transmutations
 75499 | D:15     | Received a gift from Yredelemnul (a phantasmal warrior)
 75511 | D:15     | Reached skill level 1 in Conjurations
 76396 | D:15     | Found a staircase to the Depths.
 76588 | Depths:1 | Entered Level 1 of the Depths
 76720 | D:15     | Received a gift from Yredelemnul (a ghoul)
 77146 | D:15     | Reached ****** piety under Yredelemnul
 77148 | D:15     | Received a gift from Yredelemnul (a phantasmal warrior)
 77848 | D:15     | Reached XP level 16. HP: 79/79 MP: 27/38
 77930 | D:15     | Received a gift from Yredelemnul (a phantasmal warrior)
 82069 | Spider:2 | Received a gift from Yredelemnul (a skeletal warrior)
 84665 | Spider:3 | Received a gift from Yredelemnul (a vampire knight)
 85189 | Spider:3 | Received a gift from Yredelemnul (a bone dragon)
 85466 | Spider:3 | Reached skill level 5 in Conjurations
 85520 | Spider:3 | Received a gift from Yredelemnul (a skeletal warrior)
 86307 | Spider:4 | Entered Level 4 of the Spider Nest
 86308 | Spider:4 | Noticed Bai Suzhen
 86486 | Spider:3 | Reached skill level 5 in Earth Magic
 86925 | Spider:4 | Reached skill level 10 in Dodging
 86977 | Spider:4 | Received a gift from Yredelemnul (a bone dragon)
 87162 | Spider:4 | Noticed Donald
 87172 | Spider:4 | Killed Donald
 87173 | Spider:4 | Reached skill level 5 in Poison Magic
 87418 | Spider:4 | Learned a level 2 spell: Swiftness
 87835 | Spider:4 | Killed Bai Suzhen
 88057 | Spider:4 | Received a gift from Yredelemnul (a ghoul)
 88462 | Spider:4 | Received a gift from Yredelemnul (a phantasmal warrior)
 88472 | Spider:4 | Received a gift from Yredelemnul (a phantasmal warrior)
 89019 | Spider:4 | Reached XP level 17. HP: 82/82 MP: 1/39
 89246 | Spider:4 | Reached skill level 10 in Transmutations
 89962 | Spider:4 | Got a gossamer rune of Zot
 92127 | Vaults:1 | Entered Level 1 of the Vaults
 92471 | D:14     | Received a gift from Yredelemnul (a vampire knight)
 94427 | Vaults:1 | Reached skill level 1 in Ice Magic
 94903 | Vaults:1 | Received a gift from Yredelemnul (a flayed ghost)
 95066 | Vaults:1 | Found Pejeant's Antique Weapon Emporium.
 95662 | Vaults:1 | Received a gift from Yredelemnul (a skeletal warrior)
 95687 | Vaults:1 | Killed a bone dragon
 95951 | Vaults:1 | Got a ripped robe
 95962 | Vaults:1 | Identified the +1 robe "Tikank" {*Slow rElec Will+++} (You
                  | found it on level 1 of the Vaults)
 96435 | Vaults:1 | Received a gift from Yredelemnul (a vampire knight)
 96819 | Vaults:1 | Found a runed translucent gate.
 96820 | Vaults:1 | Found a runed translucent gate.
 96821 | Vaults:1 | Found a runed translucent gate.
 98326 | Vaults:1 | Noticed tamionv's ghost (adept GrFi)
 98329 | Vaults:1 | Found a roughly hewn altar of Beogh.
 98330 | Vaults:1 | Identified the +4 chain mail "Nokke" {*Corrode Str+4 Int+2}
 98581 | Vaults:1 | Received a gift from Yredelemnul (a vampire knight)
 99128 | Vaults:1 | Learned a level 5 spell: Metabolic Englaciation
 99422 | Vaults:1 | Got a coiled amethyst amulet
102411 | Vaults:2 | Received a gift from Yredelemnul (a vampire)
103895 | Vaults:2 | Reached XP level 18. HP: 86/86 MP: 29/40
104756 | Vaults:2 | Reached skill level 5 in Summonings
105145 | Vaults:2 | Received a gift from Yredelemnul (a phantasmal warrior)
107066 | Vaults:2 | Received a gift from Yredelemnul (a ghoul)
107962 | Vaults:2 | Found Gaociddu's Assorted Antiques.
107987 | Vaults:2 | Bought a scroll of identify for 68 gold pieces
107987 | Vaults:2 | Bought a scroll of identify for 68 gold pieces
107987 | Vaults:2 | Bought a runed onyx ring for 170 gold pieces
107987 | Vaults:2 | Bought a scroll of remove curse for 102 gold pieces
107990 | Vaults:2 | Identified the amulet "Ugegaex" {Faith +Inv Str+2 Int-3}
                  | (You found it on level 1 of the Vaults)
108603 | Orc:2    | Bought a +6 ring of strength for 994 gold pieces
110110 | Orc:2    | Received a gift from Yredelemnul (a ghoul)
110615 | Elf:1    | Received a gift from Yredelemnul (a bone dragon)
110891 | Elf:1    | Noticed Frances
110904 | Elf:1    | Killed Frances
111393 | Elf:1    | Received a gift from Yredelemnul (a ghoul)
111583 | Elf:1    | Received a gift from Yredelemnul (a skeletal warrior)
112344 | Elf:1    | Reached skill level 15 in Bows
112485 | Elf:1    | Identified the Handbook of Ignition
112931 | Elf:1    | Received a gift from Yredelemnul (a vampire knight)
113736 | Elf:1    | Received a gift from Yredelemnul (a flayed ghost)
114271 | Elf:2    | Received a gift from Yredelemnul (a flayed ghost)
115295 | Elf:2    | Found a runed translucent gate.
115330 | Elf:2    | Found a runed translucent gate.
115398 | Elf:2    | Found a runed translucent gate.
115421 | Elf:3    | Entered Level 3 of the Elven Halls
115444 | Elf:3    | Found Jysosmuf's Antique Armour Shop.
115638 | Elf:2    | Received a gift from Yredelemnul (a vampire)
115639 | Elf:2    | Reached skill level 5 in Ice Magic
116518 | Elf:2    | Received a gift from Yredelemnul (a skeletal warrior)
116531 | Elf:2    | Reached XP level 19. HP: 91/91 MP: 3/41
117067 | Elf:2    | Received a gift from Yredelemnul (a phantasmal warrior)
118553 | Elf:3    | Learned a level 4 spell: Petrify
118788 | Elf:3    | Received a gift from Yredelemnul (a vampire)
119542 | Elf:3    | Reached skill level 5 in Evocations
119555 | Elf:3    | Identified the amulet of the Tortoise {Reflect Will+ SH+5}
119608 | Elf:3    | Received a gift from Yredelemnul (a bone dragon)
119850 | Elf:3    | Reached skill level 10 in Conjurations
119871 | Elf:3    | Identified the +7 spear "Neoch" {pain, rC++ Will- Int+4}
120384 | Elf:3    | Received a gift from Yredelemnul (a flayed ghost)
120389 | Elf:3    | Identified the +8 flail of Courage {vorpal, rN+ Int+5}
120419 | Elf:3    | Identified the +0 robe of Defence {Harm}
120717 | Elf:3    | Identified the amulet "Ubbiero" {RegenMP rF+ rC+ rN+ Str-5
                  | Dex+4}
120748 | Elf:3    | Noticed a Brimstone Fiend
120955 | Elf:1    | Received a gift from Yredelemnul (a bone dragon)
121500 | Elf:3    | Got a translucent scimitar
122222 | Elf:3    | Noticed Asterion
122235 | Elf:3    | Killed Asterion
124027 | D:10     | Learned a level 5 spell: Fireball
124967 | Swamp:2  | Noticed Louise
125206 | Swamp:1  | Received a gift from Yredelemnul (a ghoul)
125865 | Swamp:2  | Found a runed translucent door.
125865 | Swamp:2  | Found a shimmering altar of Xom.
125865 | Swamp:2  | Noticed xfalz's ghost (journeyman GnSk)
126389 | Swamp:2  | Noticed Jorgrun
126397 | Swamp:2  | Received a gift from Yredelemnul (a skeletal warrior)
126428 | Swamp:1  | Killed Jorgrun
127438 | Swamp:2  | Noticed Kirke
127793 | Swamp:2  | Killed Louise
128135 | Swamp:2  | Your ally Louise died
128455 | Swamp:2  | Killed Kirke
129854 | Swamp:3  | Received a gift from Yredelemnul (a vampire knight)
130468 | Swamp:4  | Entered Level 4 of the Swamp
130729 | Swamp:3  | Identified the +5 trident of Neurosis {venom, rN+ Will+}
131118 | Swamp:3  | Reached XP level 20. HP: 95/95 MP: 32/42
131166 | Swamp:3  | Reached skill level 5 in Invocations
132474 | Swamp:4  | Reached skill level 18 in Spellcasting
132487 | Swamp:4  | Received a gift from Yredelemnul (a vampire)
132941 | Swamp:3  | HP: 2/95 [spriggan druid/angry trees (12)]
132942 | Swamp:3  | Slain by a tyrant leech

Illustrated notes

Levels and vault maps discovered:
D:1:      dpeg_arrival_central, layout_basic
D:2:      layout_basic, nicolae_overflow_hidden_temple, cheibriados_altar_1
D:3:      layout_loops_ring, elyvilon_altar_5, kiku_gazebo_pond_becter,
          hellmonk_ghost_happy_afterlife, corexii_item_surrounded_by_moat,
          grunt_decor_one_mirror
D:4:      layout_cave_pools, lemuel_crystal_altar, kennysheep_mini,
          nemelex_lonely_heart_becter
D:5:      layout_rooms, nicolae_dithmenos_the_darkroom, lightli_temple_of_fire,
          temple_green, serial_shops, shop_statue, st_stairs_1, kennysheep_dice,
          uniq_edmund, uniq_grinder
D:6:      layout_loops_ring, nzn_wu_jian_council_hall, serial_shops,
          kennysheep_little_box, xom_teletrap_fun, uniq_eustachio
D:7:      minmay_spotlight, layout_cave_pods, serial_glass, glass_columns_b,
          glass_columns_c
D:8:      layout_gridville, ebering_ghost_funeral_grove, minmay_shop_chei,
          minmay_guarded_unrand_staff_of_olgreb
D:9:      layout_basic, evilmike_ruin_ashenzari
D:10:     layout_basic, erik_lair_island, uniq_maggie
D:11:     layout_basic, portal_ice_cave_entry_pillars_1,
          hangedman_decor_peaks_small
D:12:     layout_loops_cross, orc_0_dummy, serial_glass, glass_columns_b,
          glass_columns_c, glass_columns_b, glass_columns_a, glass_columns_a,
          glass_columns_c, glass_columns_a, glass_columns_c, glass_columns_a,
          glass_columns_a, glass_columns_a, glass_columns_a, glass_columns_b,
          glass_columns_a
D:13:     layout_irregular_city, uniq_maurice
D:14:     layout_stronghold, david_vaults_3, hangedman_decor_lopped,
          hangedman_weighted_door
D:15:     grunt_enter_depths_snipers, layout_gridville
Temple:   nicolae_temple_figure_eight
Lair:1:   layout_cave_pods, chequers_serial_rivers_micro_d, uniq_fannar
Lair:2:   layout_misc_corridors, kennysheep_snail_temple
Lair:3:   layout_chaotic_city, nicolae_swamp_entry_splash_gauntlet,
          gammafunk_ghost_hive, grunt_megastairs_2, minmay_lair_oklob_chamber,
          infiniplex_staircase_pool
Lair:4:   layout_regular_city, nicolae_spider_entry_tight_spaces
Lair:5:   nzn_winding_woodlands_huge [nzn_winding_woodlands_5x15_river_crossing,
          nzn_winding_woodlands_5x15_default,
          nzn_winding_woodlands_5x15_lazy_stream,
          nzn_winding_woodlands_5x15_pathside_ponds,
          nzn_winding_woodlands_5x15_concentric,
          nzn_winding_woodlands_5x15_crooked, nzn_winding_woodlands_5x15_garden,
          nzn_winding_woodlands_5x15_pockets, nzn_winding_woodlands_5x15_zeroes,
          nzn_winding_woodlands_5x15_pool,
          nzn_winding_woodlands_center_pierced_h,
          nzn_winding_woodlands_center_diamonds,
          nzn_winding_woodlands_15x15_boxy_spiral], layout_loops_ring,
          slime_altar_1
Lair:6:   gammafunk_lair_ancient_temple, layout_gridlike, uniq_snorg
Swamp:1:  cheibrodos_swamp_tower_of_moss, layout_basic_swamp,
          hangedman_swamp_blocks
Swamp:2:  layout_basic_swamp, ebering_ghost_xom, evilmike_swamp_ruin_house_4,
          swamp_pool4, uniq_louise, uniq_kirke, uniq_jorgrun
Swamp:3:  layout_basic_swamp, hangedman_swamp_diagram, swamp_pool3
Swamp:4:  swamp_icy, layout_basic_swamp
Spider:1: layout_spider_delve, hangedman_spider_tarantella_strand
Spider:2: layout_spider_delve, drop_trap
Spider:3: layout_spider_delve
Spider:4: spider_rune_water, uniq_donald, uniq_bai_suzhen
Slime:1:  cheibrodos_slime_lost_civilization_1, layout_caves
Orc:1:    layout_caves, basic_altar, lightli_volcano_entry_magma_tube,
          serial_shops, shop
Orc:2:    st_orc_ogre_mass, layout_caves, basic_altar
Elf:1:    minmay_the_grid_3x3 [minmay_the_grid_paths,
          minmay_the_grid_pillar_ring, minmay_the_grid_armoury,
          minmay_the_grid_medium_cups, minmay_the_grid_mess,
          minmay_the_grid_large_cup, minmay_the_grid_zigzag_pyramid,
          minmay_the_grid_outer_circle, minmay_the_grid_prize_inner_circle],
          layout_loops_cross, hangedman_corner_corridor,
          amcnicky_mini_pool_small, serial_sigils_hangedman_carve, uniq_frances
Elf:2:    layout_gridlike
Elf:3:    minmay_elf_hall_not_hex, layout_onion_city, serial_shops, shop,
          uniq_asterion
Vaults:1: biasface_vaults_ghost_orc_armoury, vaults_room_hangedman_quadrants,
          vaults_dpeg_cross, nicolae_vaults_triangles, v_misc_10, v_misc_5,
          vaults_room_pool, hangedman_vaults_trim,
          ontoclasm_vaults_decontamination, nicolae_vaults_little_squares_6,
          v_alt_pattern_2, vaults_room_pools, vaults_room_door_ring,
          vaults_room_hallway, layout_vaults_big_room, serial_shops, shop
Vaults:2: v_misc_23, vaults_mumra_bighexcomb, v_misc_33, v_misc_18,
          hangedman_vaults_unwind, v_pattern_4, grunt_vaults_focal,
          nicolae_vaults_network_square, vaults_room_semicircle,
          grunt_vaults_trifunnel, grunt_vaults_hallway_long,
          layout_vaults_omnigrid, serial_shops, shop_coins
Vaults:3: nicolae_vaults_little_ls, v_pattern_5,
          nicolae_vaults_little_squares_5, nicolae_vaults_what_the_h,
          minmay_crypt_entry_simple_statues, vaults_dpeg_diagonal,
          ontoclasm_vaults_fault, v_misc_4, nicolae_vaults_halls_meeting,
          v_misc_24, layout_vaults_omnibox, serial_shops, shop,
          nicolae_trove_entry_crossroad
Depths:1: layout_gridlike, hell_entry, serial_bayou_pond_b, grunt_ministairs_15,
          kennysheep_minor_cross, kennysheep_windowed_goal, grunt_megastairs_3,
          uniq_mara

Skill      XL: |  1  2  3  4  5  6  7  8  9 10 11 12 13 14 15 16 17 18 19 20 |
---------------+-------------------------------------------------------------+-----
Hexes          | 4 5 6 7 8 10 11 12 13 | 13.4
Slings         | 3 4 5 6 10 11 | 11.1
Spellcasting   | 2 3 4 5 6 8 10 12 13 15 17 18 | 18.0
Fighting       | 1 2 3 4 5 6 |  6.3
Stealth        | 1 2 3 4 |  4.2
Bows           | 3 6 9 10 12 13 14 15 | 15.9
Short Blades   | 1 2 |  2.6
Throwing       | 1 2 3 4 |  4.0
Dodging        | 4 8 10 12 13 14 | 14.8
Translocations | 1 2 3 4 8 |  8.0
Fire Magic     | 1 2 3 |  3.4
Evocations     | 1 4 6 |  6.4
Invocations    | 1 2 4 5 |  5.2
Earth Magic    | 1 3 5 |  5.9
Summonings     | 1 3 4 6 7 |  7.5
Air Magic      | 1 |  1.4
Poison Magic   | 2 3 5 |  5.8
Transmutations | 7 9 11 12 13 | 13.4
Conjurations   | 2 6 8 9 10 | 10.6
Ice Magic      | 3 5 |  5.3

Action                   |  1- 3 |  4- 6 |  7- 9 | 10-12 | 13-15 | 16-18 | 19-21 || total
-------------------------+-------+-------+-------+-------+-------+-------+-------++-------
Melee: Dagger            |       |    33 |   216 |    54 |       |       |       ||   303
       Headbutt          |       |       |    16 |     9 |     2 |     1 |       ||    28
       Kick              |       |       |     8 |    18 |     2 |       |       ||    28
       Shortbow          |       |       |       |       |     3 |       |       ||     3
       Staff             |       |       |       |       |       |     1 |       ||     1
 Fire: Hunting sling     |   148 |   298 |    72 |   701 |   299 |       |       ||  1518
       Shortbow          |       |       |   572 |   611 |  1077 |  1370 |   576 ||  4206
Throw: Dart              |       |     4 |    23 |    95 |   126 |    10 |       ||   258
       Stone             |       |       |     1 |    16 |     1 |       |       ||    18
       Boomerang         |       |       |       |       |     1 |       |       ||     1
 Cast: Corona            |    53 |    45 |   131 |    70 |    60 |       |       ||   359
       Slow              |       |    43 |   128 |   229 |   394 |   237 |    70 ||  1101
       Portal Projectile |       |       |       |   153 |   241 |   222 |   109 ||   725
       Inner Flame       |       |       |       |   103 |    97 |    44 |    13 ||   257
       Sandblast         |       |       |       |     7 |    35 |     1 |       ||    43
       Cause Fear        |       |       |       |     3 |     2 |     4 |       ||     9
       Leda's Liquefacti |       |       |       |     3 |       |     1 |     1 ||     5
       Call Imp          |       |       |       |       |    91 |   147 |   140 ||   378
       Foxfire           |       |       |       |       |     6 |    10 |       ||    16
       Poisonous Vapours |       |       |       |       |   156 |   264 |    19 ||   439
       Blink             |       |       |       |       |    11 |     6 |     4 ||    21
       Ignite Poison     |       |       |       |       |     2 |     1 |       ||     3
       Tukima's Dance    |       |       |       |       |    63 |    88 |    32 ||   183
       Ensorcelled Hiber |       |       |       |       |     1 |     3 |       ||     4
       Dazzling Flash    |       |       |       |       |     1 |     6 |     2 ||     9
       Metabolic Englaci |       |       |       |       |       |     2 |     4 ||     6
       Fireball          |       |       |       |       |       |       |    48 ||    48
       Petrify           |       |       |       |       |       |       |     6 ||     6
Invok: Animate Remains   |       |       |       |     1 |       |       |       ||     1
       Animate Dead      |       |       |       |    21 |   119 |   188 |    52 ||   380
       Recall Undead Sla |       |       |       |       |     3 |     1 |     1 ||     5
Evoke: Wand              |       |       |       |    16 |     5 |       |       ||    21
  Use: Scroll            |       |     4 |    11 |    12 |    11 |     2 |     2 ||    42
       Potion            |       |       |     2 |     2 |     1 |     3 |     3 ||    11
Armor: Robe              |     7 |     2 |    16 |    20 |     6 |     8 |     7 ||    66
Dodge: Dodged            |    58 |    52 |   203 |   217 |   264 |   314 |   115 ||  1223
